 Dungeon Crawl Stone Soup version 0.29.1-12-g30fa7ad0bf (webtiles) character file.

Game seed: 5350216157858503323

434 Powssss the Shield-Bearer (level 6, -13/56 HPs)
             Began as a Minotaur Fighter on Jan 10, 2023.
             Killed from afar by Dowan (22 damage)
             ... with a stone arrow
             ... on level 4 of the Dungeon.
             The game lasted 00:26:10 (5073 turns).

Powssss the Shield-Bearer (Minotaur Fighter)        Turns: 5073, Time: 00:26:11

Health: -13/56     AC:  7    Str: 25    XL:     6   Next: 68%
Magic:  5/5        EV:  9    Int:  5    God:
Gold:   138        SH:  6    Dex: 12    Spells: 5/5 levels left

rFire   + + .      SeeInvis .   a - +0 long sword
rCold   + . .      Faith    .   c - +1 buckler
rNeg    . . .      Spirit   .   b - +0 scale mail
rPois   .          Reflect  .   (helmet restricted)
rElec   .          Harm     .   (no cloak)
rCorr   .          Rampage  .   (no gloves)
Will    +....                   (no boots)
Stlth   ..........              (no amulet)
HPRegen 0.18/turn               r - ring of willpower
MPRegen 0.09/turn               t - ring of Ufom {*Slow rF++ rC+ Str+5}

@: no status effects
A: horns 2, retaliatory headbutt
a: no special abilities


You were on level 4 of the Dungeon.
You visited 1 branch of the dungeon, and saw 4 of its levels.

You collected 138 gold pieces.

Inventory:

Hand Weapons
 a - a +0 long sword (weapon)
 k - a +0 falchion
 u - a +0 mace
Missiles
 e - 5 poisoned darts (quivered)
 w - 2 boomerangs of dispersal
 x - 2 silver boomerangs
Armour
 b - a +0 scale mail (worn)
 c - a +1 buckler (worn)
Jewellery
 r - a ring of willpower (left hand)
 t - the ring of Ufom (right hand) {*Slow rF++ rC+ Str+5}
   (You found it on level 2 of the Dungeon)

   [ring of protection from cold]

   Str:       It affects your strength (+5).
   rF:        It greatly protects you from fire.
   rC:        It protects you from cold.
   *Slow:     It may slow you when you take damage.
Wands
 g - a wand of polymorph (5)
Scrolls
 i - a scroll of fear {unknown}
 l - 2 scrolls of teleportation {unknown}
 p - a scroll of poison
 s - 6 scrolls of identify
 y - a scroll of immolation
Potions
 d - a potion of might
 f - a potion of cancellation {unknown}
 h - a potion of mutation
 j - a potion of heal wounds {unknown}
 m - 2 potions of lignification {unknown}
 n - 2 potions of curing {unknown}
 o - 2 potions of degeneration {unknown}
 q - a potion of ambrosia {unknown}
 v - a potion of flight {unknown}


   Skills:
 + Level 5.2 Fighting
 + Level 4.3 Long Blades
 + Level 2.6 Throwing
 + Level 5.2 Armour
 + Level 5.2 Shields


You had 5 spell levels left.
You didn't know any spells.
Your spell library contained the following spells:

 Spells                   Type           Power      Damage    Failure   Level
 Gell's Gravitas          Tloc           0%         N/A       99%         3
 Lesser Beckoning         Tloc           0%         N/A       99%         3
 Teleport Other           Tloc           0%         N/A       99%         3


Dungeon Overview and Level Annotations

Branches:
Dungeon (4/15)
 Temple: D:4-7

Altars:
Cheibriados
Wu Jian

Annotations:
D:4 Dowan


Innate Abilities, Weirdness & Mutations

You have a pair of horns on your head.
You reflexively headbutt those who attack you in melee.


Message History

Duvessa is moderately wounded.
Duvessa barely misses you. The grasping roots constrict you.
The grasping roots release their grip on you.
You hit Duvessa.
Duvessa is heavily wounded.
Duvessa hits you with a +0 short sword!
Duvessa zaps a wand.
The roots erupt in riotous growth!
The grasping roots grab you!
Duvessa is unaffected.
The grasping roots constrict you.
You hear a shout!
You hit Duvessa. You headbutt Duvessa!
Duvessa is almost dead.
Duvessa hits you with a +0 short sword.
* * * LOW HITPOINT WARNING * * *
The grasping roots constrict you.
* * * LOW HITPOINT WARNING * * *
You hit Duvessa but do no damage.
Duvessa is almost dead.
Dowan hits you but does no damage. Duvessa hits you but does no damage.
The grasping roots constrict you.
* * * LOW HITPOINT WARNING * * *
You barely miss Duvessa. Your headbutt misses Duvessa.
Duvessa is almost dead.
Dowan hits you but does no damage.
Duvessa says, "Where magic fails, the sword succeeds!"
Duvessa barely misses you. The grasping roots constrict you.
* * * LOW HITPOINT WARNING * * *
The grasping roots release their grip on you.
You slash Duvessa!
You kill Duvessa!
Dowan seems overcome with grief.
Dowan seems to find hidden reserves of power!
Dowan closely misses you. You furiously retaliate!
You headbutt Dowan, but do no damage.
A hobgoblin comes into view.
Dowan hits you but does no damage.
You barely miss Dowan. You headbutt Dowan, but do no damage.
Dowan points at you and mumbles some strange words.
The stone arrow hits you!!
You die...

#.##.......#
#.##.......#
#.##.......# #
#.##.......# ...
#######.##.......###....
........................
................<.....##
#######.#e.....##)##..#
.... #.#@.......... ...
#S. ###
#.#).....##.##..## ###..
.. #.#.........# ...
....... ......##.##.. ..
....#.# ...#####.# ## .
#...#.## ... ...
.......#### g.
###<....... ...
....#.#####


You could see Dowan (fast) and a hobgoblin.

Vanquished Creatures
  Duvessa (D:4)
  A scorpion (D:4)
  2 orc priests (D:3)
  Jessica (D:2)
  Natasha (thrice) (D:2)
  An orc wizard (D:3)
  2 adders (D:2)
  A worm (D:3)
  2 dart slugs (D:2)
  9 orcs
  5 endoplasms
  4 goblins
  5 hobgoblins
  5 jackals (D:3)
  2 kobolds (D:1)
  4 quokkas
  6 ball pythons
  4 bats
  9 rats
67 creatures vanquished.

Notes
Turn   | Place    | Note
-------+----------+-------------------------------------------
     0 | D:1      | Powssss the Minotaur Fighter began the quest for the Orb.
     0 | D:1      | Reached XP level 1. HP: 19/19 MP: 0/0
   325 | D:1      | Reached XP level 2. HP: 27/27 MP: 1/1
   539 | D:1      | Found a faded altar of an unknown god.
   984 | D:2      | Noticed Jessica
  1004 | D:2      | Killed Jessica
  1005 | D:2      | Reached XP level 3. HP: 26/33 MP: 2/2
  1588 | D:2      | Reached skill level 1 in Throwing
  1632 | D:2      | Reached XP level 4. HP: 35/40 MP: 3/3
  1677 | D:2      | Noticed Natasha
  1690 | D:2      | Killed Natasha
  2273 | D:2      | Identified the ring of Ufom {*Slow rF++ rC+ Str+5}
  2375 | D:2      | Noticed Natasha
  2384 | D:2      | Killed Natasha
  2979 | D:2      | Noticed Natasha
  2992 | D:2      | Killed Natasha
  2993 | D:2      | Reached XP level 5. HP: 18/47 MP: 4/4
  3455 | D:3      | Found an ornate altar of the Wu Jian Council.
  4126 | D:4      | Found a snail-covered altar of Cheibriados.
  4126 | D:4      | Noticed Duvessa
  4127 | D:4      | Noticed Dowan
  4785 | D:4      | Reached skill level 5 in Fighting
  4785 | D:4      | Reached skill level 5 in Armour
  4785 | D:4      | Reached XP level 6. HP: 25/56 MP: 5/5
  4792 | D:3      | Reached skill level 5 in Shields
  5072 | D:4      | Killed Duvessa
  5073 | D:4      | Killed from afar by Dowan

Illustrated notes

Levels and vault maps discovered:
D:1:      onia_arrival_pentagram, layout_basic,
          dreamdust_ecumenical_altar_angels_and_demons
D:2:      layout_loops_cross, minmay_misc_feat_enclosed, amethyst_killhole,
          uniq_natasha, uniq_jessica
D:3:      layout_loops_ring, mainiacjoe_overflow_paths
D:4:      layout_basic, mainiacjoe_overflow_brackets, cheibriados_altar_1,
          gammafunk_ghost_nasty_kobolds, uniq_ijyb, uniq_grinder, uniq_duvessa,
          uniq_eustachio

Skill      XL: |  1  2  3  4  5  6 |
---------------+-------------------+-----
Fighting       | 4 5 |  5.2
Armour         | 4 5 |  5.2
Shields        | 4 5 |  5.2
Long Blades    | 3 4 |  4.3
Throwing       | 1 2 |  2.6

Action                   |  1- 3 |  4- 6 || total
-------------------------+-------+-------++-------
Melee: Long sword        |    41 |    81 ||   122
       Headbutt          |     9 |    17 ||    26
       Falchion          |    30 |    29 ||    59
       Unarmed           |       |     6 ||     6
Throw: Stone             |       |     2 ||     2
  Use: Scroll            |     1 |     5 ||     6
 Stab: Confused          |       |     1 ||     1
Armor: Scale mail        |    28 |    49 ||    77
Dodge: Dodged            |    31 |    57 ||    88
Block: Buckler           |    14 |    23 ||    37
